 Dungeon Crawl Stone Soup version 0.28.0-62-gf88900778d (webtiles) character file.

Game seed: 3858869513357881152

63 cbfl8 the Poker (level 4, -3/55 HPs)
             Began as a Merfolk Berserker on June 25, 2023.
             Was a Believer of Trog.
             Succumbed to a gnoll's poison
             ... on level 3 of the Dungeon.
             The game lasted 00:01:56 (2406 turns).

cbfl8 the Poker (Merfolk Berserker)                 Turns: 2406, Time: 00:01:56

Health: -3/55      AC: 10    Str: 17    XL:     4   Next: 9%
Magic:  4/4        EV:  4    Int:  6    God:    Trog [**....]
Gold:   47         SH:  7    Dex: 15    Spells: 3/3 levels left

rFire   . . .      SeeInvis .   k - +3 spear
rCold   . . .      Faith    .   a - +0 kite shield
rNeg    . . .      Spirit   .   i - +0 plate armour
rPois   .          Reflect  .   (no helmet)
rElec   .          Harm     .   (no cloak)
rCorr   .          Rampage  .   (no gloves)
Will    .....                   (no boots)
Stlth   ..........              (no amulet)
HPRegen 0.18/turn               (no ring)
MPRegen 0.09/turn               (no ring)

@: berserking, lethally poisoned (-3 -> -26), very quick
A: (nimble swimmer 2), mertail
a: Renounce Religion, Berserk, Trog's Hand


You were on level 3 of the Dungeon.
You worshipped Trog.
Trog was pleased with you.
You visited 1 branch of the dungeon, and saw 3 of its levels.

You collected 47 gold pieces.

Inventory:

Hand Weapons
 k - a +3 spear (weapon)
Armour
 a - a +0 kite shield (worn)
 i - a +0 plate armour (worn)
Scrolls
 f - a scroll of amnesia {unknown}
 j - a scroll of identify {unknown}
 l - a scroll of enchant weapon
 m - a scroll of vulnerability {unknown}
Potions
 b - a potion of lignification {unknown}
 c - 2 potions of invisibility {unknown}
 d - 2 potions of flight {unknown}
 e - a potion of curing {unknown}
 g - a potion of magic {unknown}
 h - 2 potions of berserk rage {unknown}


   Skills:
 + Level 4.0 Fighting
 + Level 5.3 Polearms
 + Level 1.5 Armour
 + Level 3.1 Dodging
 + Level 0.2 Stealth
 * Level 1.3 Evocations


You had 3 spell levels left.
You didn't know any spells.
Your spell library was empty.

Dungeon Overview and Level Annotations

Branches:
Dungeon (3/15)

Altars:

Shops:
D:1 (

Annotations:
D:3 2 runed translucent doors, infinitevox's ghost, amateur DsWn


Innate Abilities, Weirdness & Mutations

((You are very nimble when in or above water. (Stealth+, EV+, Speed+++)))
Your lower body shifts to a powerful aquatic tail in water.


Message History

You hit the gnoll.
The gnoll is severely wounded.
The gnoll completely misses you.
You hit the gnoll.
The gnoll is almost dead.
The gnoll hits you but does no damage.
You barely miss the gnoll.
The gnoll is almost dead.
The gnoll hits you but does no damage. You block the gnoll's attack.
You hit the gnoll.
The gnoll is almost dead.
You block the gnoll's attack.
The gnoll hits you with a +2 flail of venom.
You hit the gnoll but do no damage.
The gnoll is almost dead.
The gnoll hits you with a +2 flail of venom!
You are lethally poisoned!
You hit the gnoll.
The gnoll is moderately wounded.
You feel very sick. You block the gnoll's attack.
The gnoll hits you but does no damage.
You are more poisoned.
A red film seems to cover your vision as you go berserk!
You feel yourself moving faster!
You feel mighty!
* * * LOW HITPOINT WARNING * * *
You feel very sick. The gnoll hits you with a +0 flail.
* * * LOW HITPOINT WARNING * * *
The gnoll hits you with a +2 flail of venom.
* * * LOW HITPOINT WARNING * * *
You are more poisoned.
You puncture the gnoll!
The gnoll is almost dead.
* * * LOW HITPOINT WARNING * * *
You feel very sick. The gnoll hits you but does no damage.
The gnoll barely misses you.
You hit the gnoll.
You kill the gnoll!
Trog accepts your kill.
You die...

.# .# ### ##.# #...
#..##.....
#.....##.#
#####..#.##...
#####........##...
###...(...#.####....
#.)@...###..#.......
#..g#####
#.##.###... #....#
####.##.###...
......
#........##... ..###
#........##... .
#........##...
#........##...
.........>.....
################


You could see a gnoll.

Vanquished Creatures
  A gnoll (D:3)
  2 adders (D:2)
  3 bats (D:1)
  4 endoplasms
  A giant cockroach (D:1)
  2 goblins (D:2)
  3 hobgoblins
  7 jackals (D:1)
  3 kobolds
  3 quokkas
  3 ball pythons
  2 frilled lizards (D:1)
  7 rats
41 creatures vanquished.

Vanquished Creatures (collateral kills)
  A bat (D:2)
  A kobold (D:2)
2 creatures vanquished.

Grand Total: 43 creatures vanquished

Notes
Turn   | Place    | Note
-------+----------+-------------------------------------------
     0 | D:1      | cbfl8 the Merfolk Berserker began the quest for the Orb.
     0 | D:1      | Reached XP level 1. HP: 18/18 MP: 1/1
    88 | D:1      | Reached XP level 2. HP: 14/24 MP: 2/2
   465 | D:1      | Found Qiegiw's Weapon Boutique.
   481 | D:1      | Reached skill level 5 in Polearms
   817 | D:1      | Reached XP level 3. HP: 8/29 MP: 3/3
  1132 | D:1      | Found a faded altar of an unknown god.
  1465 | D:2      | Reached skill level 1 in Evocations
  1648 | D:2      | Reached ** piety under Trog
  1780 | D:2      | Reached XP level 4. HP: 37/37 MP: 4/4
  2350 | D:3      | Found a large runed translucent door.
  2351 | D:3      | Found a large runed translucent door.
  2354 | D:3      | Noticed infinitevox's ghost (amateur DsWn)
  2405 | D:3      | HP: 1/55 [poisoned by a gnoll]
  2406 | D:3      | Succumbed to a gnoll's poison

Illustrated notes

Levels and vault maps discovered:
D:1:      heliophobic_arrival_enchanted_forest, layout_loops_ring, serial_shops,
          nicolae_shop_bloodbath_and_beyond,
          shapermc_ecumenical_altar_mp_vishouse, minmay_pentomino_w4
D:2:      layout_basic
D:3:      layout_rooms, fedhas_altar_3, ebering_ghost_disaster_area,
          minmay_unequal

Skill      XL: |  1  2  3 |
---------------+----------+-----
Polearms       | 5 |  5.3
Dodging        | 3 |  3.1
Evocations     | 1 |  1.3
Fighting       | 4 |  4.0
Armour         | |  1.5
Stealth        | |  0.2

Action                   |  1- 3 |  4- 6 || total
-------------------------+-------+-------++-------
Melee: Spear             |   143 |    21 ||   164
       Punch             |     1 |       ||     1
Invok: Berserk           |     2 |     1 ||     3
  Use: Scroll            |     2 |       ||     2
Armor: Animal skin       |    19 |       ||    19
       Plate armour      |    10 |     7 ||    17
Dodge: Dodged            |    64 |     5 ||    69
Block: Kite shield       |       |     5 ||     5
